PUBAA
RED BANK CLERKS @ SPOKANE WORDS
05/05/1972
 
TOP OF THE 1ST
Red Bank Clerks batting - Pitching for Spokane Words : LHP Chris Fullerton
Pitching: LHP Chris Fullerton
Batting: LHB Gerardo Rivera 0-0: Ball
1-0: Ball
2-0: Fly out, F8 (Line Drive, 8RM, EV 102.5 MPH)
Batting: RHB Russell Martin 0-0: Called Strike
0-1: Foul Ball, location: 9LSF
0-2: Fly out, F7 (Flyball, 7D, EV 85.0 MPH)
Batting: LHB Howard Boyd 0-0: Ball
1-0: Ball
2-0: Called Strike
2-1: Ball
3-1: Base on Balls
Batting: RHB Billy Conigliaro 0-0: Called Strike
0-1: Called Strike
0-2: Ball
1-2: Foul Ball, location: 3DF
1-2: Foul Ball, location: 7LSF
1-2: Strikes out looking
Top of the 1st over - 0 runs, 0 hits, 0 errors, 1 left on base; Red Bank 0 - Spokane 0
BOTTOM OF THE 1ST
Spokane Words batting - Pitching for Red Bank Clerks : RHP Edward Arnasson
Pitching: RHP Edward Arnasson
Batting: RHB Scott Northey 0-0: Called Strike
0-1: Ball
1-1: Bunt missed!
1-2: Ball
2-2: Foul Ball, location: 5SF
2-2: Foul Ball, location: 5F
2-2: Strikes out swinging
Batting: LHB Tim Gates 0-0: Reached on error, E4 (Groundball, 4S, EV 85.6 MPH)
Batting: LHB Myeong-hun Han 0-0: Ball
1-0: Grounds into double play, 5-4-3 (Groundball, 56, EV 81.9 MPH)
Bottom of the 1st over - 0 runs, 0 hits, 1 error, 0 left on base; Red Bank 0 - Spokane 0
TOP OF THE 2ND
Red Bank Clerks batting - Pitching for Spokane Words : LHP Chris Fullerton
Batting: RHB Juan Ruíz 0-0: Ball
1-0: Ball
2-0: Swinging Strike
2-1: Called Strike
2-2: Ball
3-2: DOUBLE (Line Drive, 78D, EV 105.0 MPH)
Batting: LHB Sugiarto Paramita 0-0: Ball
1-0: 2-RUN HOME RUN (Flyball, 9LD, EV 98.1 MPH), Distance : 336 ft
Batting: RHB Coco Laboy 0-0: Fly out, F7 (Flyball, 7D, EV 107.5 MPH)
Batting: LHB Orlando Castro 0-0: Called Strike
0-1: Ball
1-1: Fly out, F9 (Flyball, 9, EV 86.9 MPH)
Batting: RHB John E Kennedy 0-0: Ball
1-0: Called Strike
1-1: Ground out U3 (Groundball, 34, EV 101.9 MPH)
Top of the 2nd over - 2 runs, 2 hits, 0 errors, 0 left on base; Red Bank 2 - Spokane 0
BOTTOM OF THE 2ND
Spokane Words batting - Pitching for Red Bank Clerks : RHP Edward Arnasson
Batting: LHB Mike Marshall 0-0: Ball
1-0: Ground out 6-3 (Groundball, 6, EV 83.1 MPH)
Batting: RHB David Thomas 0-0: Called Strike
0-1: Ball
1-1: Called Strike
1-2: Ball
2-2: Ball
3-2: SOLO HOME RUN (Flyball, 9D, EV 99.4 MPH), Distance : 387 ft
Batting: RHB Dave Roberts 0-0: Called Strike
0-1: Ball
1-1: SINGLE (Groundball, 25, EV 65.6 MPH) (infield hit)
Batting: RHB Joe Rombouts 0-0: Ball
1-0: Foul Ball, location: 5FF
1-1: Swinging Strike
1-2: Strikes out looking
Batting: RHB Jorge Velásquez 0-0: Swinging Strike
0-1: 2-RUN HOME RUN (Flyball, 7D, EV 105.0 MPH), Distance : 393 ft
Batting: RHB Miguel Pérez 0-0: Called Strike
0-1: Foul Ball, location: 2F
0-2: Ball
1-2: Foul Ball, location: 2F
1-2: Ball
2-2: Foul Ball, location: 9LMFF
2-2: Strikes out swinging
Bottom of the 2nd over - 3 runs, 3 hits, 0 errors, 0 left on base; Red Bank 2 - Spokane 3
TOP OF THE 3RD
Red Bank Clerks batting - Pitching for Spokane Words : LHP Chris Fullerton
Batting: LHB Gerardo Rivera 0-0: Ball
1-0: Ball
2-0: Foul Ball, location: 7LSF
2-1: Ground out U3 (Groundball, 3, EV 103.1 MPH)
Batting: RHB Russell Martin 0-0: Called Strike
0-1: Swinging Strike
0-2: Strikes out swinging
Batting: LHB Howard Boyd 0-0: Swinging Strike
0-1: Called Strike
0-2: Ball
1-2: Ball
2-2: Strikes out swinging
Top of the 3rd over - 0 runs, 0 hits, 0 errors, 0 left on base; Red Bank 2 - Spokane 3
BOTTOM OF THE 3RD
Spokane Words batting - Pitching for Red Bank Clerks : RHP Edward Arnasson
Batting: RHB Scott Northey 0-0: Swinging Strike
0-1: Ball
1-1: Ball
2-1: Ball
3-1: Foul Ball, location: 2F
3-2: Foul Ball, location: 9LSF
3-2: Strikes out looking
Batting: LHB Tim Gates 0-0: Ball
1-0: Ball
2-0: Called Strike
2-1: Ball
3-1: Fly out, F7 (Flyball, 7, EV 90.0 MPH)
Batting: LHB Myeong-hun Han 0-0: Called Strike
0-1: Ball
1-1: Foul Ball, location: 2F
1-2: Ball
2-2: Foul Ball, location: 9LMF
2-2: Fly out, F8 (Flyball, 89M, EV 95.0 MPH)
Bottom of the 3rd over - 0 runs, 0 hits, 0 errors, 0 left on base; Red Bank 2 - Spokane 3
TOP OF THE 4TH
Red Bank Clerks batting - Pitching for Spokane Words : LHP Chris Fullerton
Batting: RHB Billy Conigliaro 0-0: Ball
1-0: Ball
2-0: Fly out, F8 (Flyball, 8RM, EV 98.8 MPH)
Batting: RHB Juan Ruíz 0-0: Called Strike
0-1: Swinging Strike
0-2: Ball
1-2: Strikes out swinging
Batting: LHB Sugiarto Paramita 0-0: Foul Ball, location: 2F
0-1: Called Strike
0-2: Strikes out looking
Top of the 4th over - 0 runs, 0 hits, 0 errors, 0 left on base; Red Bank 2 - Spokane 3
BOTTOM OF THE 4TH
Spokane Words batting - Pitching for Red Bank Clerks : RHP Edward Arnasson
Batting: LHB Mike Marshall 0-0: Ball
1-0: Ball
2-0: Ball
3-0: Base on Balls
Pitching: LHP Daniel Espinoza
Batting: RHB David Thomas 0-0: Foul Ball, location: 2F
0-1: Ball
1-1: Swinging Strike
1-2: Strikes out looking
Batting: RHB Dave Roberts 0-0: Ball
1-0: Foul Ball, location: 5F
1-1: SINGLE (Groundball, 6, EV 90.6 MPH)
Mike Marshall to second
Batting: RHB Joe Rombouts 0-0: Swinging Strike
0-1: Ball
1-1: Foul Ball, location: 2F
1-2: Ball
2-2: Ball
3-2: Strikes out swinging
Batting: RHB Jorge Velásquez 0-0: Ball
1-0: Called Strike
1-1: Ball
2-1: Foul Ball, location: 23F
2-2: Strikes out swinging
Bottom of the 4th over - 0 runs, 1 hit, 0 errors, 2 left on base; Red Bank 2 - Spokane 3
TOP OF THE 5TH
Red Bank Clerks batting - Pitching for Spokane Words : LHP Chris Fullerton
Batting: RHB Coco Laboy 0-0: Ball
1-0: Ball
2-0: Foul Ball, location: 3F
2-1: Foul Ball, location: 2F
2-2: Ball
3-2: Strikes out swinging
Batting: LHB Orlando Castro 0-0: Ball
1-0: Ball
2-0: Called Strike
2-1: Ball
3-1: Base on Balls
Batting: RHB John E Kennedy 0-0: Grounds into double play, 5-4-3 (Groundball, 56, EV 83.1 MPH)
Top of the 5th over - 0 runs, 0 hits, 0 errors, 0 left on base; Red Bank 2 - Spokane 3
BOTTOM OF THE 5TH
Spokane Words batting - Pitching for Red Bank Clerks : LHP Daniel Espinoza
Batting: RHB Miguel Pérez 0-0: Called Strike
0-1: Ball
1-1: Called Strike
1-2: Strikes out swinging
Batting: RHB Scott Northey 0-0: Called Strike
0-1: Fly out, F9 (Flyball, 9, EV 88.8 MPH)
Batting: LHB Tim Gates 0-0: Foul Ball, location: 9LDF
0-1: Ball
1-1: Ball
2-1: Ball
3-1: Foul Ball, location: 2F
3-2: Foul Ball, location: 3F
3-2: Foul Ball, location: 2F
3-2: Strikes out swinging
Bottom of the 5th over - 0 runs, 0 hits, 0 errors, 0 left on base; Red Bank 2 - Spokane 3
TOP OF THE 6TH
Red Bank Clerks batting - Pitching for Spokane Words : LHP Chris Fullerton
Batting: LHB Gerardo Rivera 0-0: Ball
1-0: Ball
2-0: Ball
3-0: Called Strike
3-1: Foul Ball, location: 2F
3-2: Fly out, F7 (Flyball, 7D, EV 106.9 MPH)
Batting: RHB Russell Martin 0-0: Called Strike
0-1: Called Strike
0-2: Ball
1-2: Foul Ball, location: 5F
1-2: Ball
2-2: Fly out, F8 (Flyball, 89D, EV 95.0 MPH)
Batting: LHB Howard Boyd 0-0: Swinging Strike
0-1: Foul Ball, location: 7LMF
0-2: Ball
1-2: Fly out, F9 (Flyball, 9, EV 90.6 MPH)
Top of the 6th over - 0 runs, 0 hits, 0 errors, 0 left on base; Red Bank 2 - Spokane 3
BOTTOM OF THE 6TH
Spokane Words batting - Pitching for Red Bank Clerks : LHP Daniel Espinoza
Batting: LHB Myeong-hun Han 0-0: Ball
1-0: Foul Ball, location: 7LMF
1-1: Foul Ball, location: 7LSF
1-2: Fly out, F8 (Flyball, 8LM, EV 85.0 MPH)
Batting: LHB Mike Marshall 0-0: Fly out, F2 (Popup, 25F, EV 85.0 MPH)
Batting: RHB David Thomas 0-0: Called Strike
0-1: Ball
1-1: Called Strike
1-2: Ball
2-2: Foul Ball, location: 3F
2-2: Strikes out looking
Bottom of the 6th over - 0 runs, 0 hits, 0 errors, 0 left on base; Red Bank 2 - Spokane 3
TOP OF THE 7TH
Red Bank Clerks batting - Pitching for Spokane Words : LHP Chris Fullerton
Batting: RHB Billy Conigliaro 0-0: Foul Ball, location: 2F
0-1: Fly out, F9 (Flyball, 9, EV 95.0 MPH)
Batting: RHB Juan Ruíz 0-0: Called Strike
0-1: Ball
1-1: SINGLE (Groundball, 4MS, EV 67.5 MPH) (infield hit)
Pinch Hitting: RHB Joe Witt 0-0: Ball
1-0: Called Strike
1-1: Called Strike
1-2: Strikes out swinging
Batting: RHB Coco Laboy 0-0: Called Strike
0-1: Ball
1-1: Ball
2-1: Fly out, F7 (Flyball, 7LS, EV 93.1 MPH)
Top of the 7th over - 0 runs, 1 hit, 0 errors, 1 left on base; Red Bank 2 - Spokane 3
BOTTOM OF THE 7TH
Spokane Words batting - Pitching for Red Bank Clerks : LHP Daniel Espinoza
Now at 1B: Coco Laboy
Now at 3B: Joe Witt
Batting: RHB Dave Roberts 0-0: Ball
1-0: SOLO HOME RUN (Flyball, 7LD, EV 96.9 MPH), Distance : 356 ft
Batting: RHB Joe Rombouts 0-0: Ball
1-0: Foul Ball, location: 2F
1-1: Ball
2-1: DOUBLE (Line Drive, 8RD, EV 111.3 MPH)
Batting: RHB Jorge Velásquez 0-0: Intentional Walk
Pitching: LHP Myron Livingston
Batting: RHB Miguel Pérez 0-0: Bunt - Flyout to 15! F1
Batting: RHB Scott Northey 0-0: Ball
1-0: Ball
2-0: Ball
3-0: Called Strike
3-1: Foul Ball, location: 2RF
3-2: Strikes out swinging
Batting: LHB Tim Gates 0-0: Ball
1-0: Called Strike
1-1: Ball
2-1: Ball
3-1: Foul Ball, location: 2F
3-2: SINGLE (Line Drive, 9S, EV 91.9 MPH)
Joe Rombouts to third
Jorge Velásquez to second
Joe Rombouts scores
Jorge Velásquez to third
Batting: LHB Myeong-hun Han 0-0: Swinging Strike
0-1: Called Strike
0-2: Foul Ball, location: 2F
0-2: Strikes out swinging
Bottom of the 7th over - 2 runs, 3 hits, 0 errors, 2 left on base; Red Bank 2 - Spokane 5
TOP OF THE 8TH
Red Bank Clerks batting - Pitching for Spokane Words : LHP Chris Fullerton
Batting: RHB Tony Green 0-0: Ball
1-0: Swinging Strike
1-1: Called Strike
1-2: Ball
2-2: Strikes out looking
Batting: RHB John E Kennedy 0-0: Called Strike
0-1: Ball
1-1: Ground out 1-3 (Groundball, 13, EV 67.5 MPH)
Batting: LHB Gerardo Rivera 0-0: Ball
1-0: Ball
2-0: Ball
3-0: Called Strike
3-1: Ground out 4-3 (Groundball, 4, EV 82.5 MPH)
Top of the 8th over - 0 runs, 0 hits, 0 errors, 0 left on base; Red Bank 2 - Spokane 5
BOTTOM OF THE 8TH
Spokane Words batting - Pitching for Red Bank Clerks : LHP Myron Livingston
Batting: LHB Mike Marshall 0-0: Ball
1-0: Ground out 4-3 (Groundball, 4, EV 100.0 MPH)
Batting: RHB David Thomas 0-0: Foul Ball, location: 2F
0-1: Swinging Strike
0-2: Ball
1-2: Foul Ball, location: 25F
1-2: Ball
2-2: Ball
3-2: Base on Balls
Batting: RHB Dave Roberts 0-0: Ball
1-0: Ball
2-0: Called Strike
2-1: Foul Ball, location: 25FF
2-2: Ball
3-2: Strikes out swinging
Batting: RHB Joe Rombouts 0-0: Ground out 4-3 (Groundball, 4, EV 90.0 MPH)
Bottom of the 8th over - 0 runs, 0 hits, 0 errors, 1 left on base; Red Bank 2 - Spokane 5
TOP OF THE 9TH
Red Bank Clerks batting - Pitching for Spokane Words : LHP Chris Fullerton
Batting: RHB Russell Martin 0-0: Ball
1-0: Called Strike
1-1: Ball
2-1: SINGLE (Flyball, 3D, EV 88.8 MPH)
Pitching: LHP Dave Crane
Batting: LHB Howard Boyd 0-0: Foul Ball, location: 23FF
0-1: Ball
1-1: Fly out, F8 (Flyball, 89D, EV 91.9 MPH)
Batting: RHB Billy Conigliaro 0-0: Ground out 4-3 (Groundball, 34, EV 80.6 MPH)
Russell Martin to second
Batting: RHB Juan Ruíz 0-0: Called Strike
0-1: Ball
1-1: Foul Ball, location: 25F
1-2: Ground out 6-3 (Groundball, 56, EV 99.4 MPH)
Top of the 9th over - 0 runs, 1 hit, 0 errors, 1 left on base; Red Bank 2 - Spokane 5
Wednesday, March 6th , 2024 - OOTP Baseball 24.8 Build 75